 Dungeon Crawl Stone Soup version 0.23.1 (webtiles) character file.

Game seed: 11604551110222079052

84 Borgoz the Sneak (level 4, 0/34 (35) HPs)
             Began as a Ghoul Enchanter on Mar 4, 2019.
             Slain by an ice beast (6 damage)
             ... on level 3 of the Dungeon.
             The game lasted 00:07:08 (2284 turns).

Borgoz the Sneak (Ghoul Enchanter)                  Turns: 2284, Time: 00:07:09

HP:   0/34 (35)     AC:  4    Str: 11    XL:     4   Next: 46%
MP:   1/5           EV: 12    Int: 10    God:
Gold: 157           SH:  0    Dex: 10    Spells: 0/6 levels left

rFire    . . .     SeeInvis .   f - +2 short sword (vamp)
rCold    + . .     Gourm    .   (no shield)
rNeg     + + +     Faith    .   e - +1 leather armour
rPois    ∞         Spirit   .   (no helmet)
rElec    .         Reflect  .   (no cloak)
rCorr    .         Harm     .   (no gloves)
MR       .....                  (no boots)
Stlth    ++........             (no amulet)
HPRegen  0.00/turn              (no ring)
MPRegen  0.09/turn              (no ring)

@: rotting
A: rotting body, claws 1, carnivore, cold resistance 1, negative energy
resistance 3, inhibited regeneration, torment resistance, unbreathing
a: no special abilities


You were on level 3 of the Dungeon.
You were not hungry.

You visited 1 branch of the dungeon, and saw 3 of its levels.

You collected 157 gold pieces.

Inventory:

Hand Weapons
 f - a +2 vampiric short sword (weapon)
Missiles
 i - 7 javelins (quivered)
Armour
 e - a +1 leather armour (worn)
Jewellery
 j - an uncursed ring of fire {unknown}
Scrolls
 b - 3 scrolls of amnesia {unknown}
 c - 2 scrolls of magic mapping
 h - a scroll of fog {unknown}
 m - a scroll of identify
Potions
 g - 2 potions of heal wounds
 k - a potion of might {unknown}
 l - a potion of flight
 n - 2 potions of curing
Comestibles
 a - 4 chunks of flesh
 d - 3 rations


   Skills:
 + Level 1.2 Fighting
 * Level 2.1 Short Blades
 + Level 0.8 Armour
 * Level 2.7 Dodging
 + Level 3.7 Stealth
 - Level 1.7 Spellcasting
 - Level 2.4 Hexes


You couldn't memorise any spells.
You knew the following spells:

 Your Spells              Type           Power        Failure   Level  Hunger
a - Corona                Hex            #......      16%         1    ##.....
b - Ensorcelled Hibernat  Hex/Ice        #.....       36%         2    ###....
c - Confuse               Hex            #.......     43%         3    ####...

Your spell library contained the following spells:

 Spells                   Type           Power        Failure   Level  Hunger
 Tukima's Dance           Hex            #.......     43%         3    ####...
 Dazzling Spray           Conj/Hex       #.....       61%         3    ####...


Dungeon Overview and Level Annotations

Branches:
Dungeon (3/15)

Altars:
Cheibriados
Dithmenos
Ru
Trog
Zin


Innate Abilities, Weirdness & Mutations

Your body is rotting away.
You thrive on raw meat.
You are immune to poison.
You have sharp fingernails.
You are carnivorous and can eat meat at any time.
Your flesh is cold resistant. (rC+)
You are immune to negative energy. (rN+++)
You do not regenerate when monsters are visible.
You are immune to unholy pain and torment.
You can survive without breathing.


Message History

The ice beast freezes you! You resist.
Casting: Confuse (slightly dangerous; 43% risk of failure)
Confirm with . or Enter, or press ? or * to list all spells.
You don't know that spell.
Unknown command.
You completely miss the ice beast.
The ice beast is moderately wounded.
The ice beast closely misses you.
You closely miss the ice beast.
The ice beast is moderately wounded.
The ice beast barely misses you.
You closely miss the rat. The rat barely misses you. The ice beast hits you.
The ice beast freezes you. You resist.
* * * LOW HITPOINT WARNING * * *
You hit the rat.
The rat is severely wounded.
The rat barely misses you. The ice beast hits you.
* * * LOW HITPOINT WARNING * * *
The ice beast freezes you. You resist.
You die...

........##....(........,,,* *,,,,
..........................* *,,,,
..........................***,,,,
..........................**,,,,,
..........)..............r,*,,,,,
..$.......######..........,*,,,,,
.............###..........,*,,,,,
........##.......r........,*,,,,,
........##.....Y@.........,*,,,,,
..########................,,,,,,,
.(# ###...######.....##*,,,,,,
..# #.......# *.....#**,,,,,, ..#
#.......# *.......,*,,,,, .(#
#.......# *#####).,*,,,,, ..#
#......÷# *,.,*,,**, ..#
#.......# *,,,**>,,, ..#
#.......# *,,,,,,,,,


You could see an ice beast and a rat.

Vanquished Creatures
  2 adders
  An ooze (D:2)
  A dart slug (D:2)
  A leopard gecko (D:2)
  An orc (D:2)
  5 bats
  5 giant cockroaches
  9 goblins
  3 hobgoblins
  6 jackals
  8 kobolds
  A quokka (D:2)
  6 frilled lizards
  4 rats
53 creatures vanquished.

Notes
Turn   | Place    | Note
-------+----------+-------------------------------------------
     0 | D:1      | Borgoz the Ghoul Enchanter began the quest for the Orb.
     0 | D:1      | Reached XP level 1. HP: 14/14 MP: 2/2
    50 | D:1      | Reached skill level 1 in Short Blades
    67 | D:1      | Reached XP level 2. HP: 4/22 MP: 3/3
   841 | D:2      | Reached XP level 3. HP: 19/26 MP: 4/4
  1315 | D:2      | Reached skill level 1 in Fighting
  1434 | D:2      | Reached XP level 4. HP: 18/35 MP: 5/5
  1627 | D:2      | Found a glowing silver altar of Zin.
  1627 | D:2      | Found a shadowy altar of Dithmenos.
  1629 | D:2      | Found a sacrificial altar of Ru.
  1630 | D:2      | Found a bloodstained altar of Trog.
  1630 | D:2      | Found a snail-covered altar of Cheibriados.
  2131 | D:2      | Learned a level 2 spell: Ensorcelled Hibernation
  2135 | D:2      | Learned a level 3 spell: Confuse
  2264 | D:3      | Noticed an ice beast
  2284 | D:3      | Slain by an ice beast

Skill      XL: |  1  2  3 |
---------------+----------+-----
Short Blades   | 1 2 |  2.1
Dodging        | 2 |  2.7
Fighting       | 1 |  1.2
Armour         | |  0.8
Stealth        | |  3.7
Spellcasting   | |  1.7
Hexes          | |  2.4

Action                   |  1- 3 |  4- 6 || total
-------------------------+-------+-------++-------
Melee: Dagger            |   134 |    59 ||   193
       Short sword       |       |    26 ||    26
 Cast: Ensorcelled Hiber |       |     2 ||     2
       Corona            |       |     2 ||     2
       Confuse           |       |     1 ||     1
  Use: Scroll            |       |     8 ||     8
       Potion            |       |     1 ||     1
 Stab: Sleeping          |     6 |     1 ||     7
  Eat: Chunk             |     8 |     3 ||    11
Armor: Robe              |     4 |       ||     4
       Leather armour    |    30 |    27 ||    57
Dodge: Dodged            |    72 |    73 ||   145
